 Dungeon Sprint DCSS version 0.24-a0-250-g6074511092 (webtiles) character file.

Game seed: 14580740063125868

10349 Redear the Severer (level 11, -4/111 HPs)
             Began as a Hill Orc Fighter on Apr 15, 2019.
             Was the Champion of Makhleb.
             Slain by a merfolk
             ... wielding a +0 trident of piercing
              (6 damage)
             ... while petrified by you
             ... in the Dungeon (Sprint VII: "The Pits").
             The game lasted 00:05:35 (1442 turns).

Redear the Severer (Hill Orc Fighter)               Turns: 1442, Time: 00:05:35

Health: -4/111     AC:  9    Str: 20    XL:     11   Next: 60%
Magic:  18/18      EV:  2    Int: 11    God:    Makhleb [******]
Gold:   0          SH:  0    Dex: 10    Spells: 10/10 levels left

rFire    . . .     SeeInvis +   v - +14 obsidian axe {chop, +Fly SInv *Curse} (curse)
rCold    . . .     Gourm    .   c - +0 shield
rNeg     + + +     Faith    .   b - +0 scale mail
rPois    ∞         Spirit   .   (no helmet)
rElec    .         Reflect  .   (no cloak)
rCorr    .         Harm     .   (no gloves)
MR       .....     NoTele   +   (no boots)
Stlth    ..........             (no amulet)
HPRegen  0.28/turn              (no ring)
MPRegen  0.16/turn              (no ring)

@: petrified, mesmerised
A: no striking features
a: Minor Destruction, Lesser Servant of Makhleb, Major Destruction, Greater
Servant of Makhleb, Renounce Religion, Evoke Flight


You were in the Dungeon.
You worshipped Makhleb.
Makhleb was exalted by your worship.
You were not hungry.

You visited 1 branch

Inventory:

Hand Weapons
 a - a +0 war axe
 n - a +2 hand axe of freezing
 v - the cursed +14 obsidian axe (weapon) {chop, +Fly SInv *Curse}
   (You found it in the Dungeon)

   It inflicts extra damage upon your enemies.
   It lets you see invisible.
   It lets you fly.
   It curses itself when equipped.
   It has a curse placed upon it.
Missiles
 Z - 2 throwing nets (quivered) {+f}
Armour
 b - a +0 scale mail (worn)
 c - a +0 shield (worn)
 g - a +3 chain mail
 l - a +3 ring mail
 r - a +0 cloak
 s - a +0 cloak
 t - a +0 pair of gloves
Jewellery
 o - a +3 ring of dexterity
 p - a +3 ring of evasion
Scrolls
 h - 5 scrolls of amnesia
 k - a scroll of summoning
 B - a scroll of blinking {@r4}
 N - 3 scrolls of remove curse
Potions
 d - a potion of might {Str+5 DMG+1d10 | @q3}
 e - 2 potions of invisibility
 i - 4 potions of magic
 m - 5 potions of heal wounds
 q - a potion of brilliance {Archmagi Int+5 Wiz++}
 u - a potion of mutation {!q}
 H - a potion of haste {@q5}
 Q - 8 potions of curing {@q2}
Comestibles
 z - 9 rations


   Skills:
 + Level 14.6 Fighting
 + Level 15.5 Axes
 + Level 13.5 Armour
 + Level 10.5 Dodging
 + Level 13.5 Shields
 + Level 9.8 Invocations


You had 10 spell levels left.
You didn't know any spells.
Your spell library was empty.

Dungeon Overview and Level Annotations

Branches:
Dungeon (1/1)

Altars:
Ashenzari
Cheibriados
Dithmenos
Elyvilon
Fedhas
Gozag
Hepliaklqana
Kikubaaqudgha
Makhleb
Nemelex Xobeh
Okawaru
Qazlal
Ru
Sif Muna
Trog
Uskayaw
Vehumet
Wu Jian
Xom
Yredelemnul
Zin
The Shining One
Beogh
Jiyva
Lugonu

Annotations:
D Prince Ribbit


Message History

Your sixfirhy is engulfed in calcifying dust. x3
The catoblepas completely misses you.
Your sixfirhy is engulfed in calcifying dust.
The hippogriff bites you but does no damage.
The hippogriff pecks you but does no damage.
The hippogriff claws you but does no damage.
The merfolk hits you but does no damage.
Prince Ribbit blinks!
Your sixfirhy is engulfed in calcifying dust.
Your orange demon is no longer petrified.
Your sixfirhy is engulfed in calcifying dust. x5
The catoblepas gores you!
* * * LOW HITPOINT WARNING * * *
The hippogriff bites you but does no damage.
The hippogriff pecks you.
* * * LOW HITPOINT WARNING * * *
The hippogriff claws you but does no damage.
Your sixfirhy is engulfed in calcifying dust.
The merfolk hits you from afar with a +0 trident of piercing!
You die...

### ######## ##### ##
#......###...## ...
..#+#÷...)....## #...
.##.##.....#)..# #....
##...##...###÷.# #.....
#.....##.##.##(###m.....
......#...#.#.(4#H..F...
......'...'.'§§3@Yl.....
......#...#.#...#h......
#.....##.##.##.###......
##...##...###..# #.....
†##.##.....#...# #....
..#'#.......÷.## #...
#.)÷...###...## ...
######## ##### ##


You could see a catoblepas, a merfolk, a komodo dragon, a hippogriff, Prince
Ribbit, a black bear (petrified), a friendly orange demon and a friendly
sixfirhy (petrified).

Vanquished Creatures
  Harold (D)
  An anaconda (D)
  A two-headed ogre (D)
  A death yak (D)
  An orc high priest (D)
  Sonja (D)
  2 flayed ghosts (D)
  2 lindwurms (D)
  A komodo dragon (D)
  A rime drake (D)
  A merfolk (D)
  A jumping spider (D)
  3 blink frogs (D)
  A flying skull (D)
  A redback (D)
  A golden eye (shapeshifter) (D)
  Edmund (D)
  3 hell hounds (D)
  3 floating eyes (D)
  An orc warrior (D)
  A sky beast (D)
  A black bear (D)
  A necrophage (D)
  An ogre (D)
  4 wolves (D)
  A centaur (D)
  A bullfrog (D)
  4 killer bees (D)
  A crimson imp (D)
  A hound (D)
  2 orc wizards (D)
  An ufetubus (D)
  An ooze (D)
  A leopard gecko (D)
  5 orcs (D)
  A bat zombie (D)
  3 goblins (D)
  A bat (D)
  3 frilled lizards (D)
  2 kobolds (D)
64 creatures vanquished.

Vanquished Creatures (collateral kills)
  A rime drake (D)
  A jumping spider (D)
  2 blink frogs (D)
  A wandering mushroom (D)
  An acid dragon (D)
  A hell hound (D)
7 creatures vanquished.

Grand Total: 71 creatures vanquished

Notes
Turn   | Place    | Note
-------+----------+-------------------------------------------
     0 | D        | Redear the Hill Orc Fighter began the quest for the Orb.
     0 | D        | Reached XP level 1. HP: 19/19 MP: 1/1
    13 | D        | Reached skill level 3 in Axes
    24 | D        | Found a bloodstained altar of Trog.
    24 | D        | Found a deep blue altar of Sif Muna.
    24 | D        | Found a viscous altar of Jiyva.
    24 | D        | Found a hazy altar of Hepliaklqana.
    24 | D        | Found an opulent altar of Gozag.
    48 | D        | Found a glowing golden altar of the Shining One.
    48 | D        | Found a glowing silver altar of Zin.
    48 | D        | Found a basalt altar of Yredelemnul.
    48 | D        | Found a shimmering altar of Xom.
    48 | D        | Found an ornate altar of the Wu Jian Council.
    48 | D        | Found a sacrificial altar of Ru.
    48 | D        | Found a stormy altar of Qazlal.
    48 | D        | Found an iron altar of Okawaru.
    48 | D        | Found a sparkling altar of Nemelex Xobeh.
    48 | D        | Found a burning altar of Makhleb.
    48 | D        | Found a blossoming altar of Fedhas.
    48 | D        | Found a white marble altar of Elyvilon.
    48 | D        | Found a shadowy altar of Dithmenos.
    48 | D        | Found a snail-covered altar of Cheibriados.
    51 | D        | Found a corrupted altar of Lugonu.
    51 | D        | Found a radiant altar of Vehumet.
    51 | D        | Found a roughly hewn altar of Beogh.
    52 | D        | Found an ancient bone altar of Kikubaaqudgha.
    52 | D        | Found a hide-covered altar of Uskayaw.
    52 | D        | Found a shattered altar of Ashenzari.
    68 | D        | Became a worshipper of Makhleb the Destroyer
    85 | D        | Reached skill level 4 in Fighting
    94 | D        | Reached * piety under Makhleb
    94 | D        | Reached skill level 1 in Dodging
    97 | D        | Reached XP level 2. HP: 27/27 MP: 2/2
   100 | D        | Noticed an ogre
   101 | D        | Noticed a floating eye
   105 | D        | Killed a floating eye
   105 | D        | Reached ** piety under Makhleb
   105 | D        | Reached skill level 6 in Fighting
   105 | D        | Reached skill level 6 in Axes
   105 | D        | Reached skill level 5 in Armour
   105 | D        | Reached skill level 3 in Dodging
   105 | D        | Reached skill level 5 in Shields
   105 | D        | Reached XP level 3. HP: 37/37 MP: 3/3
   105 | D        | Reached XP level 4. HP: 44/44 MP: 4/4
   111 | D        | Killed an ogre
   111 | D        | Reached skill level 7 in Fighting
   111 | D        | Reached skill level 7 in Axes
   111 | D        | Reached skill level 6 in Armour
   111 | D        | Reached skill level 4 in Dodging
   111 | D        | Reached skill level 6 in Shields
   111 | D        | Reached XP level 5. HP: 50/52 MP: 5/5
   174 | D        | Noticed a floating eye
   178 | D        | Paralysed by a floating eye for 4 turns
   184 | D        | Killed a floating eye
   184 | D        | Reached *** piety under Makhleb
   184 | D        | Reached skill level 7 in Armour
   184 | D        | Reached skill level 7 in Shields
   184 | D        | Reached XP level 6. HP: 61/61 MP: 6/6
   188 | D        | Noticed a flying skull
   189 | D        | Noticed a black bear
   193 | D        | Reached skill level 8 in Axes
   198 | D        | Killed a black bear
   198 | D        | Reached skill level 8 in Fighting
   198 | D        | Reached skill level 5 in Dodging
   201 | D        | Killed a flying skull
   201 | D        | Reached skill level 9 in Fighting
   201 | D        | Reached skill level 9 in Axes
   201 | D        | Reached skill level 8 in Armour
   201 | D        | Reached skill level 8 in Shields
   201 | D        | Reached XP level 7. HP: 58/70 MP: 7/7
   201 | D        | Reached **** piety under Makhleb
   269 | D        | Noticed a redback
   283 | D        | Killed a redback
   283 | D        | Reached skill level 10 in Axes
   283 | D        | Reached skill level 6 in Dodging
   416 | D        | Reached skill level 9 in Armour
   416 | D        | Reached skill level 9 in Shields
   416 | D        | Reached XP level 8. HP: 79/79 MP: 8/8
   421 | D        | Paralysed by a floating eye for 3 turns
   431 | D        | Paralysed by a floating eye for 4 turns
   436 | D        | Reached ***** piety under Makhleb
   436 | D        | Reached skill level 10 in Fighting
   454 | D        | Noticed a two-headed ogre
   454 | D        | Noticed a lindwurm
   471 | D        | Killed a lindwurm
   471 | D        | Reached skill level 11 in Axes
   471 | D        | Reached skill level 7 in Dodging
   476 | D        | Killed a two-headed ogre
   476 | D        | Reached skill level 11 in Fighting
   476 | D        | Reached skill level 12 in Axes
   476 | D        | Reached skill level 10 in Armour
   476 | D        | Reached skill level 10 in Shields
   476 | D        | Reached XP level 9. HP: 63/89 MP: 9/9
   508 | D        | Found the +14 obsidian axe {chop, +Fly SInv *Curse}
   613 | D        | Noticed Edmund
   615 | D        | Noticed an orc high priest
   621 | D        | Noticed a sun demon
   623 | D        | Killed Edmund
   628 | D        | Killed an orc high priest
   628 | D        | Reached ****** piety under Makhleb
   628 | D        | Reached skill level 12 in Fighting
   628 | D        | Reached skill level 11 in Armour
   628 | D        | Reached skill level 8 in Dodging
   628 | D        | Reached skill level 11 in Shields
   726 | D        | Noticed a jumping spider
   726 | D        | Noticed a flayed ghost
   726 | D        | Noticed a jumping spider
   734 | D        | Reached skill level 1 in Invocations
   741 | D        | Killed a flayed ghost
   741 | D        | Reached skill level 13 in Axes
   741 | D        | Reached skill level 3 in Invocations
   741 | D        | Reached XP level 10. HP: 99/99 MP: 9/12
   941 | D        | Noticed Harold
   941 | D        | Noticed a flayed ghost
   943 | D        | Noticed a lindwurm
   949 | D        | Killed a lindwurm
   949 | D        | Reached skill level 12 in Armour
   949 | D        | Reached skill level 9 in Dodging
   949 | D        | Reached skill level 4 in Invocations
   955 | D        | Killed Harold
   955 | D        | Reached skill level 13 in Fighting
   955 | D        | Reached skill level 12 in Shields
   955 | D        | Reached skill level 5 in Invocations
   962 | D        | Reached skill level 14 in Axes
   962 | D        | Reached skill level 6 in Invocations
   978 | D        | Killed a flayed ghost
  1048 | D        | Noticed an anaconda
  1055 | D        | Killed an anaconda
  1055 | D        | Reached skill level 7 in Invocations
  1055 | D        | Reached XP level 11. HP: 61/108 MP: 16/16
  1068 | D        | Noticed Sonja
  1079 | D        | Killed Sonja
  1079 | D        | Reached skill level 14 in Fighting
  1079 | D        | Reached skill level 13 in Armour
  1079 | D        | Reached skill level 10 in Dodging
  1079 | D        | Reached skill level 8 in Invocations
  1096 | D        | Reached skill level 13 in Shields
  1101 | D        | Reached skill level 15 in Axes
  1336 | D        | Noticed a death yak
  1342 | D        | Killed a death yak
  1342 | D        | Reached skill level 9 in Invocations
  1420 | D        | Noticed Prince Ribbit
  1420 | D        | Noticed a catoblepas
  1440 | D        | HP: 9/111 [merfolk/+0 trident of piercing (3)]
  1442 | D        | HP: 3/111 [catoblepas (4)]
  1442 | D        | Slain by a merfolk

Levels and vault maps discovered:
D:        pitsprint [storerooms_1, entrance_room_1, metal_vault_3, armoury_2,
          mini_pit_1, grid_room_1, main_hall_1, silver_pit, the_coven_3,
          the_vestibule_1, steel_vault_4, golden_pit, hallway_of_sentries,
          crystal_vault_2, iron_vault_1, final_vault]

Skill      XL: |  1  2  3  4  5  6  7  8  9 10 11 |
---------------+----------------------------------+-----
Axes           | 3 6 7 9 10 12 13 14 15 | 15.5
Fighting       | 4 6 7 9 11 12 13 14 | 14.6
Dodging        | 1 3 4 5 6 7 8 9 10 | 10.5
Armour         | 5 6 7 8 9 10 11 12 13 | 13.5
Shields        | 5 6 7 8 9 10 11 12 13 | 13.5
Invocations    | 3 7 9 |  9.8

Action                   |  1- 3 |  4- 6 |  7- 9 | 10-12 || total
-------------------------+-------+-------+-------+-------++-------
Melee: War axe           |    16 |     4 |       |       ||    20
       Hand axe          |       |    13 |    69 |       ||    82
       Broad axe         |       |       |    23 |    72 ||    95
  Use: Potion            |       |     2 |     2 |     7 ||    11
 Stab: Petrified         |       |       |       |     2 ||     2
  Eat: Chunk             |       |       |       |     2 ||     2
Armor: Scale mail        |    10 |    20 |    18 |    37 ||    85
Dodge: Dodged            |     4 |    13 |    29 |    57 ||   103
Block: Shield            |     6 |    18 |    39 |    61 ||   124

Table legend:
 A = Non-vault XP
 B = Vault XP
 C = Vault XP percentage of total XP
 D = Non-vault monster count
 E = Vault monster count
 F = Vault count percentage of total count
                 A         B        C        D         E       F
            +---------+---------+-------+---------+---------+-------
      Total |       0 |   14785 | 100.0 |       0 |      71 | 100.0
            +---------+---------+-------+---------+---------+-------
          D |       0 |   14785 | 100.0 |       0 |      71 | 100.0
            +---------+---------+-------+---------+---------+-------
